 Dungeon Crawl Stone Soup version 0.20.0-8-g6b59dc7 (webtiles) character file.

224 Pikken the Skirmisher (level 5, 0/47 HPs)
             Began as a Minotaur Berserker on May 31, 2017.
             Was a Believer of Trog.
             Killed by divine providence
             ... invoked by an orc priest
              (12 damage)
             ... on level 4 of the Dungeon.
             The game lasted 00:13:05 (2756 turns).

Pikken the Skirmisher (Minotaur Berserker)          Turns: 2756, Time: 00:13:06

Health: 0/47       AC: 10    Str: 21    XL:     5   Next: 67%
Magic:  4/4        EV: 11    Int:  4    God:    Trog [**....]
Gold:   199        SH:  0    Dex: 11    Spells: 4/4 levels left

rFire    . . .     SeeInvis +   e - +3 spear (venom)
rCold    . . .     Gourm    .   (no shield)
rNeg     . . .     Faith    .   i - +0 scale mail
rPois    .         Spirit   .   (helmet restricted)
rElec    .         Reflect  .   (no cloak)
rCorr    .         Harm     .   (no gloves)
MR       .....                  m - +2 pair of boots
Stlth    ..........             (no amulet)
Regen    0.2/turn               g - ring of see invisible
MPRegen  0.1/turn               (no ring)

@: no status effects
A: retaliatory headbutt, horns 2
a: Berserk, Trog's Hand, Burn Spellbooks, Renounce Religion


You were on level 4 of the Dungeon.
You worshipped Trog.
Trog was pleased with you.
You were not hungry.

You visited 1 branch of the dungeon, and saw 4 of its levels.

You collected 199 gold pieces.

Inventory:

Hand Weapons
 a - a +0 falchion
 e - a +3 spear of venom (weapon)
 f - a +0 antimagic dagger
 j - a +1 flail of crushing
 k - a +3 war axe
Armour
 b - a +1 animal skin
 i - a +0 scale mail (worn)
 m - a +2 pair of boots (worn)
Magical Staves
 c - an uncursed staff of wizardry {unknown}
Jewellery
 g - a ring of see invisible (left hand)
Scrolls
 h - 2 scrolls of identify
 l - a scroll of teleportation {unknown}
 o - a scroll of blinking
Potions
 d - a potion of agility
 q - a potion of heal wounds {unknown}
Comestibles
 n - a meat ration


   Skills:
 + Level 4.7 Fighting
 + Level 4.7 Long Blades
 + Level 3.6 Polearms
 + Level 3.5 Armour
 + Level 2.5 Dodging
 + Level 1.0 Stealth


You had 4 spell levels left.
You didn't know any spells.

Dungeon Overview and Level Annotations

Branches:
Dungeon (4/15)
 Temple: D:4-7

Altars:
Kikubaaqudgha
Nemelex Xobeh


Innate Abilities, Weirdness & Mutations

You reflexively headbutt those who attack you in melee.
You have a pair of horns on your head.


Message History

An orc comes into view. It is wielding a mace.
The orc shouts!
The orc wizard gestures at you while chanting.
The magic dart hits you!
An orc, an orc priest and an orc wizard come into view.
The orc wizard miscasts a cantrip.
The orc priest shouts!
The orc priest calls down the wrath of Beogh upon you.
Beogh smites you!
The orc priest invokes the aid of Beogh against you.
Beogh smites you! The orc wizard casts a spell at you.
The puff of flame hits you!
* * * LOW HITPOINT WARNING * * *
You open the door.
A leopard gecko skeleton comes into view.
There is an open door here.
The orc priest invokes the aid of Beogh against you.
Beogh smites you!
You die...

... #.. .##
..###.. #...#Z#
#...#.# #...#.#
+<..+.+ #...#.#
#######.###@#
........###'##
###...##...o.#
+... #.....# #..
#(..o.######.#
....
#.............
....
#....#########+##
<#.. #...o..#
###§§§# ####.o.#
#.'≈§§


You could see an orc priest, 2 orcs and a leopard gecko skeleton.

Vanquished Creatures
  The ghost of McKennaii the Skirmisher, an amateur DsAK of Lugonu (D:3)
  A worker ant (D:3)
  4 adders
  A howler monkey skeleton (D:4)
  An adder skeleton (D:4)
  A worm (D:2)
  A dart slug (D:2)
  4 leopard geckos
  2 orcs (D:3)
  2 ball pythons
  9 bats
  3 giant cockroaches (D:1)
  8 goblins
  3 hobgoblins (D:1)
  4 kobolds
  3 quokkas (D:2)
  6 frilled lizards
  7 rats
61 creatures vanquished.

Vanquished Creatures (others)
  A human (D:2)
1 creature vanquished.

Grand Total: 62 creatures vanquished

Notes
Turn   | Place    | Note
-------+----------+-------------------------------------------
     0 | D:1      | Pikken the Minotaur Berserker began the quest for the Orb.
     0 | D:1      | Reached XP level 1. HP: 19/19 MP: 0/0
    75 | D:1      | Reached XP level 2. HP: 11/27 MP: 1/1
  1028 | D:2      | Reached XP level 3. HP: 33/33 MP: 2/2
  1139 | D:2      | Found an ancient bone altar of Kikubaaqudgha.
  1141 | D:2      | Found a sparkling altar of Nemelex Xobeh.
  1179 | D:2      | Reached ** piety under Trog
  1273 | D:2      | Reached skill level 1 in Polearms
  1412 | D:2      | Found an ancient bone altar of Kikubaaqudgha.
  1412 | D:2      | Noticed a human
  1415 | D:2      | Killed a human
  1601 | D:3      | Reached XP level 4. HP: 41/41 MP: 3/3
  2100 | D:3      | Noticed McKennaii's ghost (amateur DsAK)
  2114 | D:3      | Killed McKennaii's ghost
  2114 | D:3      | Reached skill level 1 in Stealth
  2114 | D:3      | Reached XP level 5. HP: 31/47 MP: 4/4
  2756 | D:4      | Killed from afar by an orc priest

Skill      XL: |  1  2  3  4 |
---------------+-------------+-----
Long Blades    | 4 |  4.7
Fighting       | 4 |  4.7
Polearms       | 1 3 |  3.6
Armour         | 3 |  3.5
Stealth        | 1 |  1.0
Dodging        | |  2.5

Action                   |  1- 3 |  4- 6 || total
-------------------------+-------+-------++-------
Melee: Falchion          |    17 |       ||    17
       Headbutt          |     9 |    10 ||    19
       Spear             |    51 |    57 ||   108
  Use: Scroll            |     6 |     3 ||     9
       Potion            |     3 |       ||     3
 Stab: Sleeping          |     2 |       ||     2
  Eat: Bread ration      |     1 |     1 ||     2
Armor: Animal skin       |     6 |       ||     6
       Scale mail        |     8 |    18 ||    26
Dodge: Dodged            |    32 |    17 ||    49
       Rpst.: Falchion   |     3 |       ||     3
